 Dungeon Crawl Stone Soup version 0.20.1-1-g8b1a95d (webtiles) character file.

40432 Meenos the Nimble (level 14, 0/174 HPs)
             Began as a Merfolk Gladiator on Nov 1, 2017.
             Was a Believer of Yredelemnul.
             Slain by a four-headed hydra (5 damage)
             ... called by a spriggan druid
             ... on level 3 of the Swamp on Nov 3, 2017.
             The game lasted 07:32:51 (16393 turns).

Meenos the Nimble (Merfolk Gladiator)              Turns: 16393, Time: 07:32:54

Health: 0/174      AC: 27    Str: 19    XL:     14   Next: 10%
Magic:  22/22      EV:  2    Int:  8    God:    Yredelemnul [**....]
Gold:   528        SH:  9    Dex: 20    Spells: 9/13 levels left

rFire    . . .     SeeInvis .   A - +4 spear (freeze)
rCold    . . .     Gourm    .   e - +0 buckler
rNeg     + + +     Faith    .   (armour currently unavailable)
rPois    +         Spirit   .   (helmet currently unavailable)
rElec    .         Reflect  +   (cloak currently unavailable)
rCorr    .         Harm     .   (gloves currently unavailable)
MR       ++...     NoTele   +   (boots currently unavailable)
Stlth    ++........             P - +3 amulet of reflection
Regen    0.4/turn               E - +4 ring of slaying
MPRegen  0.2/turn               C - +5 ring of dexterity

@: tree-form
A: (change form in water), (swift swim), (stealthy swim), magic resistance 1,
wild magic 1
a: Animate Remains, Recall Undead Slaves, Injury Mirror, Renounce Religion


You were on level 3 of the Swamp.
You worshipped Yredelemnul.
Yredelemnul was pleased with you.
You were not hungry.
You were a tree.
You visited 3 branches of the dungeon, and saw 15 of its levels.
You also visited: Ice Cave.

You collected 808 gold pieces.
You spent 280 gold pieces at shops.

Inventory:

Hand Weapons
 A - a +4 spear of freezing (weapon)
 F - a +5 quarterstaff of chaos
Missiles
 y - 6 javelins (quivered)
Armour
 e - a +0 buckler (worn)
 j - a +5 ring mail of fire resistance
 l - the +0 leather armour "Qiegeimi" (melded) {rF+ Str+2 SInv}
   (You found it on level 3 of the Swamp)

   It affects your strength (+2).
   It protects you from fire.
   It lets you see invisible.
 u - +0 swamp dragon scales
 w - a +0 pair of boots (melded)
 G - a +2 cloak (melded)
 S - a +0 helmet (melded)
Jewellery
 C - a +5 ring of dexterity (right branch)
 E - a +4 ring of slaying (left branch)
 J - an uncursed ring of wizardry
 P - a +3 amulet of reflection (around neck)
 R - an uncursed amulet of the gourmand
 U - an uncursed ring of see invisible
 Y - an uncursed amulet of magic regeneration
Wands
 f - a wand of paralysis (24/24)
 k - a wand of lightning (11/15)
 v - a wand of digging (6/24)
 I - a wand of lightning (10/15)
 N - a wand of iceblast (5/15)
 O - a wand of flame (21/48)
Scrolls
 d - a scroll of blinking {unknown}
 i - a scroll of immolation
 m - a scroll of random uselessness {unknown}
 p - 3 scrolls of magic mapping
 q - a scroll of brand weapon {unknown}
 r - a scroll of remove curse
 t - 2 scrolls of recharging
 B - 8 scrolls of teleportation
 T - a scroll of amnesia
 V - a scroll of vulnerability {unknown}
 W - a scroll of silence {unknown}
 X - a scroll of fog {unknown}
Potions
 b - 2 potions of brilliance
 g - 2 potions of flight
 h - 3 potions of agility
 z - a potion of lignification
 Z - 2 potions of mutation
Books
 c - a book of Annihilations

   Spells                             Type                      Level
   a - Poison Arrow                   Conjuration/Poison           6
   b - Chain Lightning                Conjuration/Air              8
   c - Lehudib's Crystal Spear        Conjuration/Earth            8
   d - Glaciate                       Conjuration/Ice              9
   e - Fire Storm                     Conjuration/Fire             9
 o - a book of Minor Magic

   Spells                             Type                      Level
   a - Magic Dart                     Conjuration                  1
   b - Blink                          Translocation                2
   c - Call Imp                       Summoning                    2
   d - Slow                           Hexes                        2
   e - Conjure Flame                  Conjuration/Fire             3
   f - Mephitic Cloud                 Conjuration/Poison/Air       3
 x - a book of Air

   Spells                             Type                      Level
   a - Shock                          Conjuration/Air              1
   b - Swiftness                      Charms/Air                   2
   c - Static Discharge               Conjuration/Air              3
   d - Airstrike                      Air                          4
   e - Lightning Bolt                 Conjuration/Air              5
 L - Sif Muna's Compendium of Ignition
   (You found it on level 3 of the Dungeon)

   Spells                             Type                      Level
   a - Flame Tongue                   Conjuration/Fire             1
Miscellaneous
 K - a crystal ball of energy
Comestibles
 n - 4 meat rations
 s - 11 royal jellies
 H - a fruit


   Skills:
 - Level 12.9 Fighting
 - Level 13.2(15.0) Polearms
 - Level 7.4(9.1) Staves
 - Level 8.1 Throwing
 - Level 0.3 Armour
 - Level 13.4 Dodging
 * Level 4.4 Shields
 - Level 0.1 Spellcasting
   Level 0.2 Summonings
 - Level 10.7 Invocations
 - Level 1.0 Evocations


You had 9 spell levels left.
You knew the following spells:

 Your Spells              Type           Power        Failure   Level  Hunger
a - Flame Tongue          Conj/Fire      #....        50%         1    ##.....
b - Blink                 Tloc           N/A          63%         2    ###....
c - Shock                 Conj/Air       #...         50%         1    ##.....


Dungeon Overview and Level Annotations

Branches:
Dungeon (8/15)             Temple (0/1) D:7            Lair (4/6) D:8
  Swamp (3/4) Lair:4        Snake (0/4) Lair:2

Altars:
Fedhas
Nemelex Xobeh
Ru
Sif Muna
Uskayaw
Xom
Yredelemnul
The Shining One

Shops:
D:6 :


Innate Abilities, Weirdness & Mutations

((You revert to your normal form in water.))
((You are very nimble and swift while swimming.))
((You are very stealthy in the water. (Stealth+)))
((You can translocate small distances at will.))
You are resistant to hostile enchantments. (MR+)
Your spells are a little harder to cast, but a little more powerful.


Message History

You block the four-headed hydra's attack.
The four-headed hydra bites you but does no damage. x2
You puncture the four-headed hydra! You freeze the four-headed hydra.
The four-headed hydra is heavily wounded.
Unknown command.
You puncture the four-headed hydra! You freeze the four-headed hydra.
The four-headed hydra is severely wounded.
You block the four-headed hydra's attack.
The four-headed hydra bites you but does no damage.
The four-headed hydra barely misses you.
The four-headed hydra bites you but does no damage.
You puncture the four-headed hydra! You freeze the four-headed hydra.
The four-headed hydra is almost dead.
You hit the four-headed hydra. You freeze the four-headed hydra.
The four-headed hydra is almost dead.
The four-headed hydra bites you.
* * * LOW HITPOINT WARNING * * *
The four-headed hydra bites you.
You die...
Your body rises from the dead as a mindless zombie.

..♣♣ ..≈♣♣♣♣ ♣♣≈...≈≈..
♣.....♣ .(..≈≈≈≈.
####..♣♣ .≈≈≈≈≈≈≈≈
....#.≈♣ ≈≈≈≈≈≈≈≈≈
....#..♣♣♣ ♣♣♣♣♣(?≈≈≈≈≈≈
....#≈≈.§♣♣♣♣.≈♣≈≈.≈≈.♣♣.
.####≈.≈≈♣♣....†D).≈≈.≈..
......♣♣..)≈≈≈.(♣≈≈≈≈.♣≈≈
≈≈≈≈..♣..≈≈≈≈≈.≈≈≈≈≈≈.≈.≈
≈≈≈≈≈≈§.≈≈≈≈≈≈≈≈≈≈≈≈≈≈.♣♣
♣♣..≈≈...≈≈.≈≈...≈≈≈≈≈≈♣
♣♣......>.≈≈≈≈...≈≈≈≈≈≈.♣
♣♣....≈..≈≈≈≈≈≈≈≈≈≈≈≈≈♣♣♣
♣♣≈...≈≈≈≈≈≈≈≈≈≈≈≈≈≈.♣♣
♣♣♣..≈≈≈≈≈≈≈≈.≈≈≈≈.♣♣
≈≈≈.≈≈.♣♣≈≈≈♣♣


You could see a four-headed hydra.

Vanquished Creatures
  2 thorn hunters
  4 hydras
  A ghost crab (Swamp:1)
  Erica (Lair:2)
  3 alligators
  Sonja (Lair:2)
  A spriggan (Swamp:3)
  2 spriggan druids (Swamp:3)
  A swamp dragon (Swamp:2)
  An ugly thing (IceCv)
  A manticore (D:6)
  8 spiny frogs
  3 komodo dragons
  4 tyrant leeches
  Prince Ribbit (D:6)
  3 hornets
  3 hippogriffs
  A slime creature (Swamp:2)
  6 dream sheep (Lair:4)
  7 blink frogs
  3 bog bodies
  A basilisk (Lair:2)
  A wyvern (D:8)
  7 yaks
  2 steam dragons (D:5)
  7 insubstantial wisps
  7 swamp worms
  5 water moccasins
  11 porcupines
  2 swamp drakes
  A hornet zombie (Swamp:3)
  A sky beast (D:6)
  A black bear (Lair:4)
  An orc warrior (D:6)
  2 ogres
  6 ice beasts (IceCv)
  A centaur (D:5)
  7 crocodiles
  A big kobold (D:8)
  8 bullfrogs
  2 scorpions
  7 killer bees
  5 wights (D:7)
  4 crimson imps
  A bullfrog zombie (D:8)
  4 hounds
  3 jellies
  Crazy Yiuf (D:2)
  A bullfrog skeleton (D:6)
  4 iguanas (Lair:2)
  7 orc wizards
  Ijyb (D:3)
  8 worker ants
  A worker ant zombie (D:8)
  5 gnolls
  11 adders
  A shadow imp (D:5)
  5 white imps (Lair:2)
  2 adder skeletons
  7 worms
  4 leopard geckos
  24 orcs
  4 giant cockroaches
  6 goblins
  6 hobgoblins
  9 jackals
  16 kobolds
  6 quokkas
  4 ball pythons
  7 bats
  8 frilled lizards
  A leopard gecko zombie (D:6)
  13 rats
  A fungus (D:3)
  3 plants
321 creatures vanquished.

Vanquished Creatures (collateral kills)
  Snorg (Lair:4)
  A ghost crab (Swamp:2)
  5 hydras
  4 alligators
  A spriggan (Swamp:2)
  A spriggan druid (Swamp:2)
  2 shambling mangroves (Swamp:2)
  A swamp dragon (Swamp:2)
  4 spiny frogs
  3 komodo dragons
  7 hornets
  2 slime creatures (Swamp:2)
  A blink frog (Lair:1)
  5 bog bodies
  3 yaks
  3 vampire mosquitoes (Swamp:2)
  Menkaure (D:4)
  3 insubstantial wisps (Swamp:2)
  A water moccasin (Lair:2)
  2 swamp worms (Swamp:2)
  2 porcupines
  A centaur (D:7)
  4 crocodiles
  A big kobold (D:8)
  2 bullfrogs
  A wyvern zombie (D:8)
  A hound (D:4)
  An iguana (Lair:2)
  A killer bee zombie (D:5)
  2 gnolls (D:6)
  An adder (D:3)
  6 white imps (Lair:2)
  An adder skeleton (D:4)
  An orc (D:6)
  A goblin (D:3)
  3 jackals (D:4)
  A jackal skeleton (D:7)
  A leopard gecko zombie (D:6)
  A rat (D:3)
  8 fungi
  3 plants
94 creatures vanquished.

Vanquished Creatures (others)
  A hydra zombie (Swamp:2)
  A wraith (Swamp:2)
  2 spiny frog zombies
  2 hornet zombies (Swamp:2)
  A blink frog zombie (Swamp:2)
  A dream sheep zombie (Lair:4)
  2 water moccasin zombies
  2 wights
  4 bullfrog zombies
  A basilisk zombie (Lair:2)
  8 porcupine zombies
  3 killer bee zombies
  A crocodile zombie (Lair:2)
  A scorpion zombie (Lair:2)
  A white imp (Lair:2)
  An adder zombie (D:5)
  An iguana zombie (Lair:2)
  A hobgoblin skeleton (D:3)
  A hobgoblin zombie (D:3)
  3 jackal zombies
  2 kobold zombies
  4 orc zombies
  A quokka zombie (D:4)
  3 fungi
  A plant (Lair:2)
49 creatures vanquished.

Grand Total: 464 creatures vanquished

Notes
Turn   | Place    | Note
-------+----------+-------------------------------------------
     0 | D:1      | Meenos the Merfolk Gladiator began the quest for the Orb.
     0 | D:1      | Reached XP level 1. HP: 16/16 MP: 1/1
   270 | D:1      | Reached XP level 2. HP: 22/22 MP: 2/2
   464 | D:1      | Reached skill level 5 in Polearms
   917 | D:2      | Reached XP level 3. HP: 28/28 MP: 3/3
  1631 | D:2      | Found a basalt altar of Yredelemnul.
  1639 | D:2      | Became a worshipper of Yredelemnul the Dark
  1670 | D:2      | Reached XP level 4. HP: 32/34 MP: 4/4
  1919 | D:2      | Found a runed door.
  1923 | D:2      | Noticed Crazy Yiuf
  1932 | D:2      | Killed Crazy Yiuf
  2202 | D:3      | Found a sacrificial altar of Ru.
  2337 | D:3      | Reached XP level 5. HP: 36/41 MP: 5/5
  2399 | D:3      | Found a shimmering altar of Xom.
  2507 | D:3      | Found a deep blue altar of Sif Muna.
  2526 | D:3      | Identified Sif Muna's Compendium of Ignition
  2546 | D:3      | Found a blossoming altar of Fedhas.
  2556 | D:3      | Found a sparkling altar of Nemelex Xobeh.
  2766 | D:3      | Reached * piety under Yredelemnul
  2772 | D:3      | Reached skill level 1 in Staves
  2875 | D:3      | Reached XP level 6. HP: 47/47 MP: 6/6
  2879 | D:3      | Reached skill level 5 in Dodging
  2944 | D:3      | Noticed Ijyb
  2962 | D:3      | Killed Ijyb
  3609 | D:4      | Found a glowing golden altar of the Shining One.
  3631 | D:4      | Noticed Menkaure
  3648 | D:4      | Killed Menkaure
  3648 | D:4      | Reached skill level 1 in Invocations
  3648 | D:4      | Reached XP level 7. HP: 16/52 MP: 6/8
  4310 | D:4      | Reached ** piety under Yredelemnul
  4478 | D:5      | Entered Level 5 of the Dungeon
  4564 | D:5      | Reached XP level 8. HP: 46/59 MP: 5/10
  5376 | D:6      | Learned a level 1 spell: Flame Tongue
  5400 | D:6      | Noticed a manticore
  5409 | D:6      | Killed a manticore
  5409 | D:6      | Reached XP level 9. HP: 52/67 MP: 10/12
  5433 | D:6      | Reached skill level 5 in Fighting
  5433 | D:6      | Reached skill level 5 in Staves
  5618 | D:6      | Noticed Prince Ribbit
  5627 | D:6      | Killed Prince Ribbit
  5629 | D:6      | Reached *** piety under Yredelemnul
  5743 | D:6      | Found Gimpext's Book Boutique.
  5746 | D:6      | Bought a book of Minor Magic for 280 gold pieces
  5755 | D:6      | Learned a level 2 spell: Blink
  5758 | D:6      | Learned a level 2 spell: Call Imp
  6214 | D:7      | Found a deep blue altar of Sif Muna.
  6295 | D:7      | Reached skill level 5 in Invocations
  6476 | D:7      | Found a staircase to the Ecumenical Temple.
  7271 | D:8      | Noticed a hornet
  7281 | D:8      | Killed a hornet
  7281 | D:8      | Reached XP level 10. HP: 74/76 MP: 14/14
  7470 | D:8      | Found a hide-covered altar of Uskayaw.
  7494 | D:8      | Reached **** piety under Yredelemnul
  7619 | D:8      | Found a staircase to the Lair.
  7755 | D:8      | Paralysed by a hornet for 1 turns
  7822 | Lair:1   | Entered Level 1 of the Lair of Beasts
  7861 | Lair:1   | Received a gift from Yredelemnul (a wight)
  7867 | Lair:1   | Reached skill level 10 in Polearms
  8080 | Lair:1   | Noticed a six-headed hydra
  8090 | Lair:1   | Killed a six-headed hydra
  8310 | Lair:1   | Noticed a spiny frog
  8314 | Lair:1   | Noticed a spiny frog
  8319 | Lair:1   | Killed a spiny frog
  8323 | Lair:1   | Killed a spiny frog
  8323 | Lair:1   | Reached XP level 11. HP: 86/86 MP: 16/16
  8430 | Lair:1   | Reached skill level 10 in Dodging
  8504 | Lair:1   | Received a gift from Yredelemnul (a mummy)
  8666 | Lair:1   | Noticed a seven-headed hydra
  8680 | Lair:1   | Killed a seven-headed hydra
  9167 | Lair:2   | Noticed Sonja
  9173 | Lair:2   | Killed Sonja
  9225 | Lair:2   | Found a staircase to the Snake Pit.
  9457 | Lair:2   | Found a frozen archway.
  9603 | IceCv    | Entered an ice cave
  9642 | IceCv    | Noticed a white ugly thing
  9664 | IceCv    | Killed a white ugly thing
 10204 | Lair:2   | Received a gift from Yredelemnul (a wight)
 10399 | Lair:2   | Noticed Erica
 10419 | Lair:2   | Your ally Sonja died
 10424 | Lair:2   | Killed Erica
 10879 | Lair:2   | Reached XP level 12. HP: 97/97 MP: 18/18
 10950 | Lair:3   | Reached skill level 10 in Fighting
 11259 | Lair:3   | Noticed a five-headed hydra
 11271 | Lair:3   | Killed a five-headed hydra
 11271 | Lair:3   | Reached skill level 1 in Evocations
 11378 | Lair:3   | Reached skill level 5 in Throwing
 11651 | Lair:4   | Noticed a four-headed hydra
 11666 | Lair:4   | Killed a four-headed hydra
 11941 | Lair:4   | Gained mutation: Your flesh is cold resistant. (rC+) [potion of mutation]
 11941 | Lair:4   | Gained mutation: You evolve. [potion of mutation]
 11972 | Lair:4   | Noticed Snorg
 11987 | Lair:4   | Killed Snorg
 12196 | Lair:4   | Found a staircase to the Swamp.
 12523 | Swamp:1  | Entered Level 1 of the Swamp
 12586 | Swamp:1  | Noticed a thorn hunter
 12606 | Swamp:1  | Killed a thorn hunter
 12925 | Swamp:1  | Noticed a ghost crab
 12942 | Swamp:1  | Killed a ghost crab
 13022 | Swamp:1  | Noticed an alligator
 13024 | Swamp:1  | Noticed an alligator
 13030 | Swamp:1  | Noticed an alligator
 13035 | Swamp:1  | Killed an alligator
 13047 | Swamp:1  | Killed an alligator
 13047 | Swamp:1  | Reached XP level 13. HP: 30/106 MP: 20/20
 13822 | Swamp:1  | Reached skill level 10 in Invocations
 13958 | Swamp:2  | Noticed a thorn hunter
 13969 | Swamp:2  | Killed a thorn hunter
 14570 | Swamp:2  | Received a gift from Yredelemnul (a wraith)
 15047 | Swamp:2  | Lost mutation: You evolve. [potion of mutation]
 15047 | Swamp:2  | Lost mutation: Your flesh is cold resistant. (rC+) [potion of mutation]
 15047 | Swamp:2  | Gained mutation: You are resistant to hostile enchantments. (MR+) [potion of mutation]
 15047 | Swamp:2  | Gained mutation: You can translocate small distances at will. [potion of mutation]
 15047 | Swamp:2  | Gained mutation: Your spells are a little harder to cast, but a little more powerful. [potion of mutation]
 16226 | Swamp:3  | Got a faintly glowing leather armour
 16237 | Swamp:3  | Identified the +0 leather armour "Qiegeimi" {rF+ Str+2 SInv} (You found it on level 3 of the Swamp)
 16248 | Swamp:3  | Learned a level 1 spell: Shock
 16325 | Swamp:3  | Reached skill level 1 in Shields
 16325 | Swamp:3  | Reached XP level 14. HP: 107/116 MP: 22/22
 16387 | Swamp:3  | HP: 5/174 [four-headed hydra[a spriggan druid] (8)]
 16393 | Swamp:3  | HP: 5/174 [four-headed hydra[a spriggan druid] (2)]
 16393 | Swamp:3  | Slain by a four-headed hydra

Skill      XL: |  1  2  3  4  5  6  7  8  9 10 11 12 13 14 |
---------------+-------------------------------------------+-----
Polearms       | 5 6 7 8 11 12 13 | 13.2
Fighting       | 3 4 6 8 9 11 12 | 12.9
Staves         | 1 2 3 4 5 6 7 |  7.4
Dodging        | 5 6 7 8 9 11 12 13 | 13.4
Invocations    | 1 3 4 5 7 8 9 10 | 10.7
Throwing       | 3 4 6 8 |  8.1
Evocations     | 1 |  1.0
Shields        | 2 4 |  4.4
Armour         | |  0.3
Spellcasting   | |  0.1
Summonings     | |  0.2

Action                   |  1- 3 |  4- 6 |  7- 9 | 10-12 | 13-15 || total
-------------------------+-------+-------+-------+-------+-------++-------
Melee: Trident           |   159 |     8 |    21 |       |       ||   188
       Quarterstaff      |       |    86 |   144 |    48 |       ||   278
       Spear             |       |       |    43 |   439 |   287 ||   769
       Tailslap          |       |       |       |     7 |     9 ||    16
 Fire: Shortbow          |       |       |     1 |       |       ||     1
       Blowgun           |       |       |       |     9 |     6 ||    15
Throw: Stone             |    39 |     8 |       |       |       ||    47
       Throwing net      |       |     3 |       |       |       ||     3
       Tomahawk          |       |    21 |    32 |    46 |    28 ||   127
       Javelin           |       |       |       |       |     4 ||     4
 Cast: Call Imp          |       |       |     1 |       |       ||     1
Invok: Animate Remains   |       |    15 |    21 |     2 |     2 ||    40
       Animate Dead      |       |       |    14 |    39 |    18 ||    71
       Drain Life        |       |       |       |     3 |       ||     3
       Injury Mirror     |       |       |       |     6 |     5 ||    11
       Recall Undead Sla |       |       |       |       |     1 ||     1
Evoke: Wand              |       |       |     1 |     3 |       ||     4
  Use: Scroll            |     3 |       |     7 |     6 |     8 ||    24
       Potion            |       |     2 |     5 |    13 |    10 ||    30
 Stab: Sleeping          |     1 |     1 |       |       |       ||     2
       Petrifying        |       |     1 |     1 |       |       ||     2
       Distracted        |       |       |     2 |     1 |     3 ||     6
       Paralysed         |       |       |       |     4 |       ||     4
  Eat: Bread ration      |     1 |       |     3 |     4 |     3 ||    11
       Chunk             |     1 |       |       |       |     1 ||     2
       Meat ration       |       |     2 |     2 |     2 |       ||     6
       Fruit             |       |       |       |     3 |     4 ||     7
Armor: Leather armour    |     4 |       |       |       |     4 ||     8
       Ring mail         |    23 |    29 |    52 |    67 |    28 ||   199
       Skin              |       |       |       |    11 |    15 ||    26
       Swamp dragon scal |       |       |       |       |     2 ||     2
Dodge: Dodged            |    87 |    30 |   139 |   187 |   116 ||   559
Block: Other             |       |       |       |     9 |    11 ||    20
       Buckler           |       |       |       |       |    15 ||    15
       Reflection        |       |       |       |       |     1 ||     1
